 Dungeon Sprint DCSS version 0.27.1-1-g398f81649c (webtiles) character file.

Game seed: 13568506428670487498

7620 styxcanada the Imperceptible (level 10, -8/55 HPs)
             Began as a Spriggan Brigand on Sept 18, 2021.
             Was an Initiate of Gozag.
             Mangled by a spriggan defender (20 damage)
             ... in the Dungeon (Sprint IV: "Fedhas' Mad Dash").
             The game lasted 00:11:46 (1238 turns).

styxcanada the Imperceptible (Spriggan Brigand)     Turns: 1238, Time: 00:11:48

Health: -8/55      AC:  5    Str:  7    XL:     10   Next: 98%
Magic:  9/18       EV: 26    Int: 13    God:    Gozag
Gold:   1228       SH:  8    Dex: 20    Spells: 12/19 levels left

rFire    . . .     SeeInvis +   m - +4 quick blade
rCold    . . .     Faith    .   g - +0 buckler
rNeg     . . .     Spirit   .   q - +2 robe
rPois    +         Reflect  .   (helmet restricted)
rElec    .         Harm     .   s - +0 cloak "Taciuhev" {rPois}
rCorr    .         Rampage  .   (gloves unavailable)
Will     +....     NoTele   +   (boots unavailable)
Stlth    +++++++++.             l - amulet of invisibility {+Inv}
HPRegen  0.18/turn              (no ring)
MPRegen  0.16/turn              (no ring)

@: very slightly contaminated, studying Short Blades, very quick
A: very small, no large weapons, unfitting armour, see invisible, speed 3
a: Renounce Religion, Evoke Invisibility, Potion Petition, Call Merchant, Bribe
Branch


You were in the Dungeon.
You worshipped Gozag.
Gozag was most pleased with you.
You visited 1 branch You collected 2480 gold pieces.
You spent 1252 gold pieces at shops.

Inventory:

Hand Weapons
 a - a +2 dagger
 m - a +4 quick blade (weapon)
Missiles
 d - 8 poisoned darts
 e - 2 curare-tipped darts
 n - 42 stones (quivered)
Armour
 g - a +0 buckler (worn)
 q - a +2 robe (worn)
 s - the +0 cloak "Taciuhev" (worn) {rPois}
   (You bought it in a shop in the Dungeon)

   rPois:     It protects you from poison.
Jewellery
 l - the amulet of invisibility (around neck) {+Inv}
   (You found it in the Dungeon)

   [amulet of nothing]

   +Inv:      It lets you turn invisible.
Scrolls
 c - 3 scrolls of identify
Potions
 f - 3 potions of curing
 h - a potion of haste
 i - 2 potions of magic
 j - a potion of heal wounds
 o - 2 potions of brilliance
Miscellaneous
 b - a phantom mirror
 p - a piece from Xom's chessboard (15/15)


   Skills:
 * Level 7.0 Fighting
 * Level 7.4 Short Blades
 + Level 5.5 Throwing
 * Level 11.1 Dodging
 * Level 24.3 Stealth
 * Level 5.4 Shields
 * Level 5.1 Spellcasting
 * Level 3.2 Summonings
 * Level 2.9 Transmutations
 * Level 3.4 Air Magic
 * Level 2.1 Poison Magic
 * Level 12.3 Evocations


You had 12 spell levels left.
You knew the following spells:

 Your Spells              Type           Power      Damage    Failure   Level
a - Summon Lightning Spi  Summ/Air       11%        N/A       45%         4
b - Poisonous Vapours     Pois/Air       20%        N/A       10%         2
c - Sting                 Tmut/Pois      36%        1d4       8%          1

Your spell library contained the following spells:

 Spells                   Type           Power      Damage    Failure   Level
 Beastly Appendage        Tmut           20%        N/A       6%          1
 Wereblood                Tmut           10%        N/A       10%         2
 Spider Form              Tmut/Pois      4%         N/A       22%         3
 Airstrike                Air            6%         N/A       45%         4
 Olgreb's Toxic Radiance  Pois           8%         N/A       63%         4
 Leda's Liquefaction      Hex/Erth       1%         N/A       90%         4
 Lightning Bolt           Conj/Air       3%         1d15      96%         5
 Bolt of Magma            Conj/Fire/Erth 1%         4d4       99%         5
 Statue Form              Tmut/Erth      4%         N/A       100%        6


Dungeon Overview and Level Annotations

Branches:
Dungeon (1/1)

Altars:
Cheibriados
Dithmenos
Elyvilon
Gozag
Hepliaklqana
Kikubaaqudgha
Makhleb
Nemelex Xobeh
Okawaru
Qazlal
Ru
Sif Muna
Trog
Uskayaw
Vehumet
Wu Jian
Xom
Yredelemnul
Zin
The Shining One
Beogh
Jiyva
Lugonu

Shops:
D =!(:*[?:


Innate Abilities, Weirdness & Mutations

You are very small and have problems with some larger weapons.
You are too small for most types of armour.
You have supernaturally acute eyesight. (SInv)
You cover ground extremely quickly. (Speed+++)


Message History

You miscast Poisonous Vapours.
You are lightly contaminated with residual magic.
Nothing appears to happen.
There is an open door here.
Casting: Poisonous Vapours (safe; 10% risk of failure)
Confirm with . or Enter, or press ? or * to list all spells.
Aiming: Poisonous Vapours (safe; 10% risk of failure)
Press: ? - help, Dir - move target, f/p - spriggan defender
Aim: a spriggan defender, wielding a +5 demon whip of venom, wearing a +0 robe and wearing a +0 buckler (poisoned) Poisonous vapours surround the spriggan defender!
The spriggan defender looks even sicker.
You block the spriggan defender's attack.
There is an open door here.
There is an open door here.
There is an open door here.
There is an open door here.
There is an opulent altar of Gozag here.
Casting: Poisonous Vapours (safe; 10% risk of failure)
Confirm with . or Enter, or press ? or * to list all spells.
Aiming: Poisonous Vapours (safe; 10% risk of failure)
Press: ? - help, Dir - move target, f/p - spriggan defender
Aim: a spriggan defender, wielding a +5 demon whip of venom, wearing a +0 robe and wearing a +0 buckler (lightly wounded, poisoned) Poisonous vapours surround the spriggan defender!
The spriggan defender looks even sicker.
The spriggan defender misses you.
There is a hazy altar of Hepliaklqana here.
There is a viscous altar of Jiyva here.
There is an ancient bone altar of Kikubaaqudgha here.
There is a corrupted altar of Lugonu here.
There is an open door here.
Casting: Poisonous Vapours (safe; 10% risk of failure)
Confirm with . or Enter, or press ? or * to list all spells.
Aiming: Poisonous Vapours (safe; 10% risk of failure)
Press: ? - help, Dir - move target, f/p - spriggan defender
Aim: a spriggan defender, wielding a +5 demon whip of venom, wearing a +0 robe and wearing a +0 buckler (lightly wounded, poisoned) Poisonous vapours surround the spriggan defender!
The spriggan defender looks even sicker.
The spriggan defender hits you with a +5 demon whip of venom!!
You die...
Your body crumbles into a pile of gold.

#################################
..#.⌠._._._._.⌠.#.['...#....##∩##
).'.._._._._._.i@..#...#[...'..##
..#..._._._._...#..###'##.[.##∩#.
'##.._._._._._..#..##∩∩.'...#####
..#._._._._._.⌠.#################
..###################......###...
###♣♣♣♣♣..♣.###.'.)'.......'.'...
.')..)..♣..♣##..#..#.P.....######
.#♣..♣♣♣.♣).###.##'##.P....#
.#.♣♣..♣...♣'...#♣.♣########


You could see a spriggan defender (very poisoned).

Vanquished Creatures
  Agnes (D)
  A spriggan berserker (D)
  A spriggan druid (D)
  6 oklob plants (D)
  A demonic crawler (D)
  A queen bee (D)
  3 wandering mushrooms (D)
  3 burning bushes (D)
  A hornet (D)
  3 scorpions (D)
  4 killer bees (D)
  5 oklob saplings (D)
  5 spriggans (D)
  A river rat (D)
  A rat (D)
  A ballistomycete spore (D)
38 creatures vanquished.

Vanquished Creatures (others)
  2 fungi (D)
2 creatures vanquished.

Grand Total: 40 creatures vanquished

Notes
Turn   | Place    | Note
-------+----------+-------------------------------------------
     0 | D        | styxcanada the Spriggan Brigand began the quest for the
                  | Orb.
     0 | D        | Reached XP level 1. HP: 10/10 MP: 2/2
     9 | D        | Reached skill level 8 in Stealth
     9 | D        | Reached XP level 2. HP: 15/15 MP: 3/3
    17 | D        | Noticed an oklob sapling
    19 | D        | Killed an oklob sapling
    20 | D        | Reached skill level 10 in Stealth
    20 | D        | Reached XP level 3. HP: 18/18 MP: 4/4
    21 | D        | Noticed a scorpion
    21 | D        | Found the amulet of invisibility {+Inv}
    23 | D        | Killed a scorpion
    24 | D        | Reached skill level 12 in Stealth
    24 | D        | Reached XP level 4. HP: 23/23 MP: 5/5
    47 | D        | Found an opulent altar of Gozag.
    47 | D        | Found a hazy altar of Hepliaklqana.
    47 | D        | Found a burning altar of Makhleb.
    47 | D        | Found a sparkling altar of Nemelex Xobeh.
    47 | D        | Found a snail-covered altar of Cheibriados.
    47 | D        | Found a sacrificial altar of Ru.
    47 | D        | Found a shimmering blue altar of Sif Muna.
    47 | D        | Found a shimmering altar of Xom.
    47 | D        | Found a basalt altar of Yredelemnul.
    48 | D        | Found a viscous altar of Jiyva.
    48 | D        | Found a bloodstained altar of Trog.
    48 | D        | Found an ornate altar of the Wu Jian Council.
    49 | D        | Found an iron altar of Okawaru.
    49 | D        | Found a shadowy altar of Dithmenos.
    49 | D        | Found a glowing silver altar of Zin.
    50 | D        | Found an ancient bone altar of Kikubaaqudgha.
    50 | D        | Found a hide-covered altar of Uskayaw.
    51 | D        | Found a stormy altar of Qazlal.
    51 | D        | Found a white marble altar of Elyvilon.
    51 | D        | Found a glowing golden altar of the Shining One.
    52 | D        | Became a worshipper of Gozag Ym Sagoz the Greedy
    53 | D        | Found a corrupted altar of Lugonu.
    53 | D        | Found a radiant altar of Vehumet.
    57 | D        | Reached skill level 13 in Stealth
    57 | D        | Reached XP level 5. HP: 28/28 MP: 3/6
   118 | D        | Reached skill level 5 in Dodging
   118 | D        | Reached skill level 14 in Stealth
   118 | D        | Reached skill level 1 in Evocations
   160 | D        | HP: 1/28 [spriggan (9)]
   174 | D        | Reached skill level 15 in Stealth
   176 | D        | Reached XP level 6. HP: 33/33 MP: 7/7
   375 | D        | Found Qibriu's Distillery.
   375 | D        | Found Fujae's Jewellery Emporium.
   382 | D        | Bought a potion of curing for 30 gold pieces
   382 | D        | Bought a potion of curing for 30 gold pieces
   382 | D        | Bought a potion of heal wounds for 50 gold pieces
   384 | D        | Noticed a burning bush
   384 | D        | Noticed a wandering mushroom
   385 | D        | Noticed a wandering mushroom
   389 | D        | Killed a wandering mushroom
   390 | D        | Reached skill level 17 in Stealth
   390 | D        | Reached skill level 1 in Shields
   390 | D        | Killed a wandering mushroom
   391 | D        | Reached skill level 18 in Stealth
   391 | D        | Reached skill level 5 in Evocations
   391 | D        | Reached XP level 7. HP: 38/38 MP: 5/8
   391 | D        | Killed a burning bush
   394 | D        | Reached skill level 5 in Fighting
   394 | D        | Reached skill level 19 in Stealth
   406 | D        | Found Cuano's General Store.
   407 | D        | Found Bocig's Armour Emporium.
   413 | D        | Bought a +2 robe for 127 gold pieces
   413 | D        | Bought a scroll of identify for 20 gold pieces
   415 | D        | Bought the +0 cloak "Taciuhev" {rPois} for 157 gold pieces
   480 | D        | Noticed a queen bee
   487 | D        | Killed a queen bee
   488 | D        | Reached XP level 8. HP: 43/43 MP: 7/9
   493 | D        | Reached skill level 20 in Stealth
   564 | D        | Noticed an oklob plant
   567 | D        | Killed an oklob plant
   583 | D        | Noticed a burning bush
   586 | D        | Killed a burning bush
   587 | D        | Reached skill level 5 in Throwing
   587 | D        | Reached skill level 21 in Stealth
   587 | D        | Reached XP level 9. HP: 48/48 MP: 8/10
   625 | D        | Noticed a burning bush
   625 | D        | Noticed an oklob plant
   626 | D        | Noticed a wandering mushroom
   627 | D        | Killed a burning bush
   632 | D        | Killed an oklob plant
   633 | D        | Reached skill level 5 in Short Blades
   635 | D        | Killed a wandering mushroom
   636 | D        | Reached skill level 22 in Stealth
   636 | D        | Reached skill level 1 in Spellcasting
   664 | D        | Learned a level 4 spell: Summon Lightning Spire
   701 | D        | Noticed a spriggan druid
   703 | D        | Killed a spriggan druid
   704 | D        | Reached skill level 10 in Dodging
   704 | D        | Reached skill level 1 in Summonings
   704 | D        | Reached skill level 1 in Air Magic
   704 | D        | Reached skill level 10 in Evocations
   788 | D        | Noticed an oklob plant conjurer
   789 | D        | Killed an oklob plant conjurer
   862 | D        | Identified a scroll of acquirement
   862 | D        | Acquired a manual of Short Blades
   866 | D        | Noticed an oklob plant
   866 | D        | Noticed an oklob plant summoner
   867 | D        | Noticed an oklob plant shifter
   871 | D        | Killed an oklob plant
   872 | D        | Reached XP level 10. HP: 53/53 MP: 11/15
   873 | D        | Killed an oklob plant summoner
   874 | D        | Reached skill level 23 in Stealth
   876 | D        | Killed an oklob plant shifter
   901 | D        | Noticed a spriggan rider
   902 | D        | Found Quruhimp's Magic Scroll Emporium.
   940 | D        | Reached skill level 5 in Shields
  1008 | D        | Found Nigesku's Book Shoppe.
  1024 | D        | Bought a scroll of identify for 22 gold pieces
  1024 | D        | Bought a scroll of identify for 22 gold pieces
  1024 | D        | Bought a scroll of identify for 22 gold pieces
  1024 | D        | Bought a scroll of acquirement for 572 gold pieces
  1024 | D        | Acquired a +4 quick blade
  1029 | D        | Bought a Young Poisoner's Handbook for 200 gold pieces
  1032 | D        | Learned a level 2 spell: Poisonous Vapours
  1034 | D        | Learned a level 1 spell: Sting
  1152 | D        | Noticed Agnes
  1154 | D        | Found Soippiru's Weapon Emporium.
  1154 | D        | Noticed a spriggan berserker
  1156 | D        | Found Olemn's Book Shoppe.
  1158 | D        | Killed Agnes
  1159 | D        | Reached skill level 24 in Stealth
  1159 | D        | Reached skill level 1 in Poison Magic
  1162 | D        | Killed a spriggan berserker
  1163 | D        | Reached skill level 5 in Spellcasting
  1172 | D        | Noticed a spriggan defender
  1238 | D        | Mangled by a spriggan defender

Illustrated notes

Levels and vault maps discovered:
D:        dungeon_sprint_fedhas [sprint_temple]

Skill      XL: |  1  2  3  4  5  6  7  8  9 10 |
---------------+-------------------------------+-----
Fighting       | 2 3 4 5 6 7 |  7.0
Dodging        | 2 3 4 5 7 8 9 10 11 | 11.1
Stealth        | 8 10 12 13 15 18 19 21 22 24 | 24.3
Short Blades   | 3 4 5 7 |  7.4
Throwing       | 3 4 5 |  5.5
Evocations     | 2 5 6 8 10 12 | 12.3
Shields        | 2 3 4 5 |  5.4
Spellcasting   | 2 5 |  5.1
Summonings     | 1 3 |  3.2
Air Magic      | 1 3 |  3.4
Transmutations | 2 |  2.9
Poison Magic   | 2 |  2.1

Action                   |  1- 3 |  4- 6 |  7- 9 | 10-12 || total
-------------------------+-------+-------+-------+-------++-------
Melee: Dagger            |     4 |    16 |    18 |     9 ||    47
       Quick blade       |       |       |       |     5 ||     5
Throw: Dart              |       |     9 |       |    10 ||    19
       Stone             |       |       |       |     1 ||     1
 Cast: Poisonous Vapours |       |       |       |     6 ||     6
 Abil: Evoke Invisibilit |       |     3 |     6 |     1 ||    10
Evoke: Piece from Xom's  |       |       |       |     1 ||     1
  Use: Potion            |       |     2 |       |     1 ||     3
       Scroll            |       |       |     3 |     2 ||     5
 Stab: Sleeping          |     4 |     4 |    17 |     5 ||    30
       Distracted        |       |       |     1 |       ||     1
Dodge: Dodged            |       |    16 |       |    10 ||    26
Block: Buckler           |       |       |       |     5 ||     5
